 Dungeon Crawl Stone Soup version 0.29-a0-1065-g47a6bb87d6 (webtiles) character file.

Game seed: 8620938712271262714

394 Mahakala the Chiller (level 6, 45/45 HPs)
             Began as a Draconian Ice Elementalist on Jan 26, 2022.
             Got out of the dungeon alive.
             The game lasted 00:16:28 (4123 turns).

Mahakala the Chiller (Draconian Ice Elementalist)   Turns: 4123, Time: 00:16:28

Health: 45/45      AC:  7    Str: 10    XL:     6   Next: 51%
Magic:  12/12      EV: 12    Int: 18    God:
Gold:   173        SH:  0    Dex: 11    Spells: 6/13 levels left

rFire   . . .      SeeInvis +   j - +3 dagger (freeze)
rCold   . . .      Faith    .   (no shield)
rNeg    . . .      Spirit   .   (body armour unavailable)
rPois   .          Reflect  .   (helmet restricted)
rElec   .          Harm     .   (no cloak)
rCorr   .          Rampage  .   b - +0 pair of gloves
Will    .....                   (no boots)
Stlth   ++........              (no amulet)
HPRegen 0.15/turn               z - ring of see invisible
MPRegen 0.13/turn               (no ring)

@: no status effects
A: AC +6, unfitting armour, cold-blooded
a: no special abilities


You escaped.
You visited 1 branch of the dungeon, and saw 5 of its levels.

You collected 173 gold pieces.

Inventory:

Hand Weapons
 j - a +3 dagger of freezing (weapon)
Missiles
 e - 13 poisoned darts
 g - 128 stones
Armour
 b - a +0 pair of gloves (worn)
Jewellery
 z - a ring of see invisible (left hand)
Wands
 k - a wand of charming (8)
Scrolls
 c - a scroll of amnesia
 d - a scroll of enchant weapon
 f - a scroll of vulnerability {unknown}
 h - a scroll of torment {unknown}
 i - a scroll of brand weapon {unknown}
 l - a scroll of fog {unknown}
 m - a scroll of enchant armour {unknown}
 r - a scroll of blinking
Potions
 a - a potion of lignification {unknown}
 n - 2 potions of curing {unknown}
 o - 2 potions of heal wounds {unknown}
 p - 2 potions of brilliance {unknown}
 q - a potion of flight {unknown}


   Skills:
 - Level 1.7 Dodging
 - Level 1.7 Stealth
 + Level 4.0 Spellcasting
 * Level 6.9 Ice Magic


You had 6 spell levels left.
You knew the following spells:

 Your Spells              Type           Power      Damage    Failure   Level
a - Freeze                Ice            100%       1d11      1%          1
b - Frozen Ramparts       Ice            56%        1d9       2%          3
c - Ozocubu's Armour      Ice            28%        N/A       2%          3

Your spell library contained the following spells:

 Spells                   Type           Power      Damage    Failure   Level
 Hailstorm                Conj/Ice       16%        3d6       34%         4


Dungeon Overview and Level Annotations

Branches:
Dungeon (5/15)
 Temple: D:4-7

Altars:
Wu Jian

Shops:
D:1 [   D:3 (


Innate Abilities, Weirdness & Mutations

Your plain brown scales are hard. (AC +6)
You cannot fit into any form of body armour.
You are cold-blooded and may be slowed by cold attacks.


Message History

Found a blackened silver wand.
There is a stone staircase leading up here.
Blink to where?
Press: ? - help, Dir - move target, f - you Are you sure you want to cancel this blink?
Okay, then.
As you read the scroll labelled ZUEFACZIEM, it crumbles to dust.
It was a scroll of blinking.
Okay, then.
Unknown command.
Save game and exit?
Bad channel name for runrest: '+= god:wrath finds you' Welcome back, Mahakala the Draconian Ice Elementalist.
Press ? for a list of commands and other information.
Save game and exit? [Y]es or [N]o only, please.
Save game and exit?
Okay, then.
(D) Dungeon
Where to? (? - help)
What level of the Dungeon? (default 1, ? - help)
You climb upwards.
There is a stone staircase leading down here.
There is a stone staircase leading up here.
You climb upwards.
There is a stone staircase leading down here.
You see here a +0 dagger.
There is a stone staircase leading up here.
You climb upwards.
There is a stone staircase leading down here.
You see here a +0 pair of gloves.
There is a stone staircase leading up here.
You climb upwards.
There is a stone staircase leading down here.
You see here a +0 club.
There is a staircase leading out of the dungeon here.
Are you sure you want to leave the Dungeon?
This will make you lose the game!
Uppercase [Y]es or [N]o only, please.
Are you sure you want to leave the Dungeon?
This will make you lose the game!
You have escaped!

....#...........##.# ##.##.#.#
####............##.# #..#.#..
#.######...####.# #....### #.#
##### #.#######....### ##.##
###...####...............
#...###........#.#######.#..###
#.#.##...###...#...............
#.......## ###.#...............
##.....## ##@#.##############
##....# #..#.# #.......# ##....#
##.##.# #.......# ####.....##
##..##.#####.......#
#....#....###..###.............#
#.##..........## #....†..#######
#.###.......### #..........# #.#
###.##### #..........# #.# ####
#..........#


There were no monsters in sight!

Vanquished Creatures
  An ogre (D:4)
  A phantom (D:4)
  A hound (D:4)
  A centaur skeleton (D:4)
  2 iguanas (D:4)
  3 adders (D:3)
  A shadow imp (D:4)
  6 dart slugs
  An orc (D:3)
  8 ball pythons
  4 endoplasms
  A giant cockroach (D:1)
  6 goblins
  7 hobgoblins
  A jackal (D:1)
  6 kobolds
  4 quokkas
  6 bats
  A frilled lizard (D:1)
  7 rats
68 creatures vanquished.

Notes
Turn   | Place    | Note
-------+----------+-------------------------------------------
     0 | D:1      | Mahakala the Draconian Ice Elementalist began the quest for
                  | the Orb.
     0 | D:1      | Reached XP level 1. HP: 14/14 MP: 3/3
   274 | D:1      | Reached XP level 2. HP: 20/20 MP: 1/5
   734 | D:1      | Reached XP level 3. HP: 26/26 MP: 2/6
   738 | D:1      | Learned a level 3 spell: Frozen Ramparts
   989 | D:1      | Found Tigruuke's Antique Armour Boutique.
  1852 | D:2      | Learned a level 3 spell: Ozocubu's Armour
  1895 | D:3      | Reached skill level 5 in Ice Magic
  2015 | D:3      | Reached XP level 4. HP: 33/33 MP: 5/8
  2143 | D:3      | Found Jumodgh's Antique Weapon Shop.
  2282 | D:3      | Found an ornate altar of the Wu Jian Council.
  2478 | D:3      | Found a faded altar of an unknown god.
  2480 | D:3      | Noticed a great orb of eyes
  2480 | D:3      | Noticed a golden eye
  2481 | D:3      | Noticed an eye of devastation
  2481 | D:3      | Noticed a golden eye
  2941 | D:4      | Noticed a phantom
  3067 | D:4      | Reached XP level 5. HP: 37/38 MP: 6/9
  3217 | D:4      | Reached skill level 6 in Ice Magic
  3566 | D:4      | Noticed an ogre
  3592 | D:4      | Killed an ogre
  3593 | D:4      | Reached XP level 6. HP: 45/45 MP: 1/11
  3997 | D:5      | Entered Level 5 of the Dungeon
  3999 | D:5      | Upgraded the game from 0.29-a0-2-g12fcac58f8 to
                  | 0.29-a0-1065-g47a6bb87d6
  4123 | D:$      | Got out of the dungeon alive.

Illustrated notes

Levels and vault maps discovered:
D:1:      dpeg_arrival_round_b, layout_basic, serial_shops,
          nicolae_shop_behind_doors, st_stairs_1, minmay_quantized
D:2:      layout_loops_ring, kennysheep_generic_room_9
D:3:      layout_loops_ring, nicolae_wu_jian_wuxing_cycle,
          hellmonk_ecumenical_altar_watching_god, serial_shops, shop_fountains
D:4:      layout_loops_ring
D:5:      layout_gridville, jmf_multi_god_temple2,
          mainiacjoe_overflow_boulevard, minmay_temple_entry_from_below_a,
          serial_shops, kennysheep_mini_moat, kennysheep_cross_room,
          minmay_fountain_box

Skill      XL: |  1  2  3  4  5  6 |
---------------+-------------------+-----
Ice Magic      | 5 6 |  6.9
Spellcasting   | 3 4 |  4.0
Dodging        | |  1.7
Stealth        | |  1.7

Action                   |  1- 3 |  4- 6 || total
-------------------------+-------+-------++-------
Melee: Unarmed           |     3 |       ||     3
       Dagger            |     1 |    38 ||    39
       Tailslap          |       |     6 ||     6
       Punch             |       |     1 ||     1
 Cast: Freeze            |    62 |    36 ||    98
       Frozen Ramparts   |       |     8 ||     8
       Ozocubu's Armour  |       |     2 ||     2
  Use: Scroll            |       |     4 ||     4
Armor: Skin              |    12 |    22 ||    34
Dodge: Dodged            |    24 |    34 ||    58

Table legend: (Time is in decaauts)
 A = Elapsed time spent in this place.
 B = Non-inter-level travel time spent in this place.
 C = Inter-level travel time spent in this place.
 D = Time resting spent in this place.
 E = Time spent auto-exploring this place.
 F = Levels seen in this place.
 G = Mean time per level.
                   A        B        C        D        E       F      G
               +--------+--------+--------+--------+--------+-----+--------+
         Total |   4126 |   3878 |    248 |    954 |   1802 |   5 |  825.2 |
       Dungeon |   4126 |   3878 |    248 |    954 |   1802 |   5 |  825.2 |
               +--------+--------+--------+--------+--------+-----+--------+

Top non-repeatable levels by time:
     D:1: 1310 daAuts
     D:3: 1097 daAuts
     D:4: 1093 daAuts
     D:2: 621 daAuts
     D:5: 2 daAuts
